Map: 애씨드 플랜트 - 래더

Players

Namshar

  • Race: Zerg Zerg
  • League: Grandmaster
  • Spawn Location: 5:00

Solar - Winner!

  • Race: Zerg Zerg
  • Spawn Location: 11:00

Event: HomeStory Cup XVII

VOD

Have the link to the VOD?

Description

Time

  • Played on: June 28, 2018, 5:11 p.m.
  • Length: 7:18

All games in this series

Show
View Real Time Build Order
Export as new Build Order

Namshar Zerg 

Build Orders: Hatch First 

Get SALT Encoding   

  12  0:00  Drone  
  13  0:12  Overlord  
  13  0:16  Drone  
  14  0:31  Drone x2  
  14  0:34  Drone  
  17  0:50  Hatchery  
  17  0:56  Drone  
  17  1:00  Drone  
  18  1:09  Extractor  
  17  1:15  Spawning Pool  
  17  1:18  Drone  
  17  1:21  Drone  
  18  1:28  Drone  
  19  1:39  Drone  
  20  1:50  Overlord  
  20  2:01  Queen  
  20  2:02  Queen  
  20  2:04  Drone, Zergling x2  
  26  2:09  Metabolic Boost  
  26  2:11  Drone  
  26  2:14  Drone  
  28  2:22  Drone  
  29  2:24  Drone  
  30  2:32  Drone  
  30  2:34  Drone  
  32  2:40  Hatchery  
  31  2:45  Baneling Nest  
  31  2:47  Drone  
  31  2:53  Overlord  
  31  2:56  Drone x2  
  33  3:05  Drone  
  34  3:11  Overlord  
  34  3:14  Drone x3  
  34  3:15  Zergling x4  
  34  3:16  Zergling x2  
  40  3:20  Zergling x2  
  40  3:23  Overlord  
  41  3:30  Queen  
  43  3:36  Baneling x2  
  43  3:37  Drone  
  43  3:39  Drone  
  45  3:41  Overlord  
  45  3:44  Lair  
  45  3:45  Drone  
  45  3:48  Drone  
  47  3:53  Drone  
  47  3:54  Drone  
  49  4:00  Drone x3  
  52  4:03  Drone  
  52  4:05  Extractor x2  
  52  4:07  Evolution Chamber  
  49  4:10  Roach Warren  
  49  4:12  Drone x3  
  49  4:16  Drone  
  52  4:18  Zergling x4  
  52  4:20  Baneling x2  
  52  4:21  Zergling x2  
  55  4:26  Zergling x6  
  58  4:42  Drone x6  
  58  4:44  Zerg Missile Weapons Level 1  
  64  4:49  Drone x2  
  66  4:55  Zergling x4  
  69  5:00  Drone x3  
  69  5:01  Overlord x2  
  69  5:02  Glial Reconstitution  
  69  5:05  Overlord  
  69  5:16  Overlord  
  69  5:17  Roach x2  
  72  5:21  Roach  
  72  5:22  Roach x2  
  72  5:24  Roach x4  
  72  5:28  Roach  
  86  5:36  Roach x3  
  86  5:40  Roach  
  89  5:54  Roach x4  
  95  6:04  Roach  
  95  6:05  Roach x3  
  95  6:07  Zergling x2  
  95  6:08  Zergling x6  
  105  6:19  Overlord x3  
  105  6:20  Overlord x2  
  105  6:24  Ravager  
  105  6:32  Zergling x2  
  105  6:33  Zergling x2  
  105  6:39  Zergling x2  
  111  6:40  Zergling x18  
  113  6:52  Zergling x6  
Show
View Real Time Build Order
Export as new Build Order

Solar Zerg - Winner!

Build Orders: 3 Hatch before Pool 

Get SALT Encoding   

  12  0:01  Drone  
  13  0:14  Overlord  
  13  0:17  Drone  
  14  0:33  Drone x2  
  16  0:36  Drone  
  17  0:54  Hatchery  
  17  0:56  Drone  
  17  0:58  Drone  
  18  1:19  Hatchery  
  18  1:21  Drone  
  18  1:26  Extractor  
  18  1:28  Drone  
  18  1:40  Spawning Pool  
  18  1:42  Drone  
  18  1:45  Drone  
  19  1:52  Drone  
  20  2:02  Drone  
  20  2:06  Drone  
  23  2:15  Drone  
  23  2:25  Drone  
  23  2:26  Queen x2  
  23  2:27  Metabolic Boost  
  28  2:32  Zergling x2  
  29  2:37  Queen  
  31  2:45  Baneling Nest  
  31  2:47  Drone  
  31  2:51  Overlord  
  31  2:53  Zergling x2  
  31  2:56  Drone  
  31  2:58  Drone  
  34  3:09  Zergling x4  
  34  3:10  Drone x2  
  34  3:12  Drone  
  39  3:15  Overlord  
  39  3:21  Overlord  
  39  3:22  Drone  
  41  3:27  Drone  
  41  3:29  Drone  
  41  3:33  Drone  
  42  3:35  Baneling x2  
  42  3:37  Drone x2  
  42  3:39  Drone  
  45  3:41  Zergling x2  
  45  3:42  Zergling x2  
  45  3:45  Zergling x2  
  45  3:46  Zergling x2  
  45  3:48  Drone  
  50  3:50  Drone  
  50  3:52  Zergling x2  
  50  3:54  Drone x2  
  54  3:57  Overlord  
  54  4:05  Lair  
  54  4:08  Zergling x2  
  54  4:09  Drone x2  
  56  4:10  Drone x2  
  56  4:13  Extractor x2  
  56  4:14  Drone  
  56  4:15  Drone  
  58  4:18  Drone x2  
  58  4:20  Drone  
  58  4:21  Extractor  
  58  4:23  Drone x2  
  62  4:25  Drone  
  62  4:28  Drone  
  62  4:29  Overlord  
  65  4:31  Zergling x2  
  65  4:34  Drone  
  65  4:37  Overlord  
  65  4:41  Overlord  
  65  4:44  Overlord  
  64  4:46  Zergling x2  
  64  4:47  Drone  
  64  4:48  Zergling x2  
  64  4:49  Drone  
  64  4:50  Zergling x4  
  64  4:51  Zergling x2  
  64  4:52  Zergling x2  
  72  4:53  Zergling x2  
  72  4:56  Zergling x2  
  72  4:58  Drone x2  
  76  5:00  Zergling x2  
  76  5:01  Baneling x2  
  76  5:03  Drone x3  
  77  5:15  Drone  
  77  5:16  Spire, Drone  
  77  5:17  Zergling x8  
  77  5:20  Zergling x4, Extractor  
  77  5:21  Extractor  
  82  5:23  Zergling x2  
  82  5:25  Zergling x2  
  82  5:27  Zergling x2  
  84  5:30  Overlord  
  84  5:34  Zergling x4  
  84  5:35  Zergling x2  
  87  5:37  Overlord  
  87  5:38  Zergling x2  
  85  5:43  Zergling x2  
  83  5:50  Zergling x6  
  83  5:51  Zergling x4  
  88  6:00  Spine Crawler x2  
  88  6:01  Spine Crawler  
  77  6:24  Zergling x6  
  78  6:27  Mutalisk x10  
  98  6:32  Mutalisk x2  
  98  6:37  Zergling x2  
  98  6:38  Zergling x4  
  102  6:41  Mutalisk  
  102  6:44  Zergling x2  
  102  6:45  Zergling x2  
  104  6:49  Mutalisk  
  104  6:51  Zergling x12  
  104  7:01  Zergling x2  
Tags
 
Add a new tag
Caveats
  • Supply blocks, unpowered buildings, or Contaminate may cause inaccurate times.
  • Supply counts are checked every 10 seconds.